 Dungeon Crawl Stone Soup version 0.30-b1-2-g02819fbbbe (webtiles) character file.

Game seed: 8849654086500969827

4404 Mesmaeker13 the Fighter (level 10, -11/83 HPs)
             Began as a Barachi Hunter on July 18, 2023.
             Mangled by a death yak (14 damage)
             ... on level 9 of the Dungeon.
             The game lasted 00:15:33 (8580 turns).

Mesmaeker13 the Fighter (Barachi Hunter)            Turns: 8580, Time: 00:15:34

Health: -11/83     AC: 14    Str:  7    XL:     10   Next: 35%
Magic:  0/10       EV: 14    Int:  9    God:
Gold:   609        SH:  0    Dex: 19    Spells: 7/9 levels left

rFire   + + +        a - +0 shortbow (freeze)
rCold   . . .        (shield currently unavailable)
rNeg    . . .        F - +3 leather armour "Kaumit" {rF+++ Will+ Str-5 Dex-2}
rPois   .            D - +0 helmet
rElec   .            c - +0 cloak
rCorr   .            L - +0 pair of gloves
SInv    .            (no boots)
Will    +....        n - amulet of guardian spirit
Stlth   ++           P - +4 ring of protection
HPRegen 0.33/turn    (no ring)
MPRegen 0.12/turn

%: guardian spirit
@: slow
A: amphibious, slowness 1, strong legs 1, +LOS
a: Hop


You were on level 9 of the Dungeon.
You visited 1 branch of the dungeon, and saw 9 of its levels.
You also visited: Ossuary.

You collected 609 gold pieces.

Inventory:

Hand Weapons
 a - a +0 shortbow of freezing (weapon)
 d - a +0 broad axe
 M - a +2 heavy flail
 O - a +3 great mace
Missiles
 N - a curare-tipped dart
Armour
 c - a +0 cloak (worn)
 r - an orb of light
 D - a +0 helmet (worn)
 F - the +3 leather armour "Kaumit" (worn) {rF+++ Will+ Str-5 Dex-2}
   (You found it on level 5 of the Dungeon)

   Str:       It affects your strength (-5).
   Dex:       It affects your dexterity (-2).
   rF:        It renders you almost immune to fire.
   Will:      It increases your willpower.
 L - a +0 pair of gloves (worn)
Jewellery
 i - a ring of fire
 n - an amulet of guardian spirit (around neck)
 P - a +4 ring of protection (left hand)
Wands
 H - a wand of flame (13)
Scrolls
 b - 4 scrolls of immolation
 f - a scroll of fog {unknown}
 g - a scroll of noise
 k - a scroll of summoning {unknown}
 m - a scroll of acquirement {unknown}
 o - 3 scrolls of brand weapon
 q - 4 scrolls of teleportation
 s - a scroll of vulnerability
 t - a scroll of blinking
 y - a scroll of enchant weapon {unknown}
 B - 2 scrolls of amnesia
 E - a scroll of silence {unknown}
 G - a scroll of enchant armour {unknown}
 I - 2 scrolls of poison {unknown}
 J - a scroll of torment {unknown}
 K - a scroll of identify
Potions
 e - 3 potions of flight
 h - 3 potions of attraction {unknown}
 p - a potion of lignification {unknown}
 u - 5 potions of heal wounds {unknown}
 v - 2 potions of mutation {unknown}
 w - 3 potions of haste {unknown}
 x - a potion of curing
 z - 2 potions of cancellation {unknown}
 A - a potion of might {unknown}
 C - 3 potions of degeneration {unknown}


   Skills:
 + Level 9.4 Fighting
 + Level 8.7 Ranged Weapons
 + Level 7.2 Armour
 - Level 5.3 Dodging
 - Level 0.8 Stealth
 + Level 7.2 Transmutations


You had 7 spell levels left.
You knew the following spells:

 Your Spells              Type           Power      Damage    Failure   Level
a - Wereblood             Tmut           13%        N/A       4%          2

Your spell library contained the following spells:

 Spells                   Type           Power      Damage    Failure   Level
 Blink                    Tloc           0%         N/A       65%         2
 Lesser Beckoning         Tloc           0%         N/A       65%         2
 Momentum Strike          Conj/Tloc      0%         3d8       65%         2
 Sublimation of Blood     Necr           0%         N/A       65%         2
 Stone Arrow              Conj/Erth      0%         3d7       86%         3
 Animate Armour           Summ/Erth      0%         N/A       99%         4
 Olgreb's Toxic Radiance  Pois           0%         N/A       99%         4
 Summon Hydra             Summ           0%         N/A       100%        7
 Discord                  Hex            0%         N/A       100%        8
 Ignition                 Fire           0%         3d3       100%        8
 Lehudib's Crystal Spear  Conj/Erth      0%         10d2      100%        8


Dungeon Overview and Level Annotations

Branches:
Dungeon (9/15)             Temple (0/1) D:7         Ossuary (visited)
   Lair: D:8-11         Orc: D:9-12

Altars:
Qazlal

Shops:
D:8 *


Innate Abilities, Weirdness & Mutations

You are amphibious.
You cover ground slowly.
You can hop short distances.
You have an extended range of vision and can be seen from far away.


Message History

The death yak gores you!!
You are too injured to fight recklessly!
You are too injured to fight recklessly!
You are too injured to fight recklessly!
You are too injured to fight recklessly!
You shoot an arrow. The arrow barely misses the death yak.
The arrow hits the death yak.
The arrow freezes the death yak.
The death yak is lightly wounded.
The death yak closely misses you.
You shoot an arrow. The arrow hits the death yak.
The arrow freezes the death yak.
The death yak is heavily wounded.
The death yak gores you!!
* * * LOW HITPOINT WARNING * * *
The death yak barely misses you.
You shoot an arrow. The arrow hits the death yak!
The arrow freezes the death yak.
The death yak is severely wounded.
The death yak misses you.
You shoot an arrow.
The arrow hits the death yak but does no damage.
The death yak is severely wounded.
The death yak gores you!
* * * LOW HITPOINT WARNING * * *
You shoot an arrow.
The arrow hits the death yak but does no damage.
The death yak is severely wounded.
The death yak gores you.
* * * LOW HITPOINT WARNING * * *
You shoot an arrow. The arrow barely misses the death yak.
The arrow hits the death yak!
The arrow freezes the death yak.
The death yak is lightly wounded.
The death yak gores you but does no damage.
Unknown command.
You shoot an arrow. The arrow hits the death yak.
The arrow freezes the death yak.
The death yak is severely wounded.
You are ready to hop once more.
The death yak gores you!
You die...

########### #.....#...#
#.###.###.### ########
#<..#........ #......#
#.#.#####.### #......#
#.#...#.#.# #......####
#.# #.#.#.#
#.....YY@.###.#...#...#
#......##..####.# #.#.#
#......###..#...# #.#.#
#....Y.# ##...#####.#.#
#......# ###.......#.#
####'#### ######.####
#....# #.# ####.# #.#
#.# #.#


You could see 2 death yaks.

Vanquished Creatures
  Pikel (D:6)
  5 yaks (D:9)
  2 vampire mosquitoes (D:9)
  Edmund (D:4)
  An acid dragon (D:8)
  A water moccasin (D:7)
  A black bear (D:5)
  2 orc warriors
  An ice beast (D:7)
  2 sky beasts
  2 ogres
  4 centaurs
  4 lemures (D:6)
  A phantom (D:7)
  A kobold brigand (D:8)
  A bullfrog (D:8)
  2 gnoll sergeants
  A scorpion (D:6)
  3 jellies
  6 howler monkeys
  3 orc priests
  A gnoll bouda (D:8)
  Jessica (D:2)
  An iguana (D:5)
  9 orc wizards
  8 mummies (Ossuary)
  22 gnolls
  9 adders
  A white imp (D:6)
  2 ufetubi
  2 worms (D:3)
  3 dart slugs
  22 orcs
  4 ball pythons
  9 bats
  9 endoplasms
  2 giant cockroaches
  2 gnoll zombies (Ossuary)
  7 goblins
  7 hobgoblins
  9 jackals
  7 quokkas
  5 frilled lizards
  9 kobolds
  2 kobold zombies (Ossuary)
  4 orc zombies (Ossuary)
  4 rats
206 creatures vanquished.

Vanquished Creatures (others)
  An orc wizard (D:6)
1 creature vanquished.

Grand Total: 207 creatures vanquished

Notes
Turn   | Place    | Note
-------+----------+-------------------------------------------
     0 | D:1      | Mesmaeker13 the Barachi Hunter began the quest for the Orb.
     0 | D:1      | Reached XP level 1. HP: 17/17 MP: 1/1
    69 | D:1      | Reached XP level 2. HP: 23/23 MP: 2/2
   214 | D:1      | Reached skill level 3 in Fighting
   275 | D:1      | Reached XP level 3. HP: 29/29 MP: 3/3
   526 | D:1      | Found a faded altar of an unknown god.
  1094 | D:2      | Reached XP level 4. HP: 20/35 MP: 4/4
  1172 | D:2      | Noticed Jessica
  1217 | D:2      | Killed Jessica
  1296 | D:2      | Reached XP level 5. HP: 41/42 MP: 5/5
  1318 | D:2      | Reached skill level 4 in Fighting
  1994 | D:3      | Reached skill level 5 in Ranged Weapons
  2411 | D:3      | Noticed an ogre
  2424 | D:3      | Killed an ogre
  2425 | D:3      | Reached XP level 6. HP: 50/50 MP: 6/6
  2435 | D:3      | Found a stormy altar of Qazlal.
  2888 | D:3      | Learned a level 2 spell: Wereblood
  2937 | D:4      | Found a sand-covered staircase.
  2950 | Ossuary  | Entered an ossuary
  3000 | Ossuary  | Reached skill level 5 in Fighting
  3185 | Ossuary  | Reached skill level 1 in Transmutations
  3537 | D:4      | Reached XP level 7. HP: 38/56 MP: 3/7
  3830 | D:4      | Noticed Edmund
  3840 | D:4      | Killed Edmund
  3841 | D:4      | Reached skill level 5 in Dodging
  3964 | D:5      | Entered Level 5 of the Dungeon
  4490 | D:5      | Identified the +3 leather armour "Kaumit" {rF+++ Will+
                  | Str-5 Dex-2}
  4766 | D:6      | Reached skill level 6 in Fighting
  4778 | D:6      | Reached XP level 8. HP: 62/64 MP: 8/8
  4796 | D:6      | Reached skill level 1 in Armour
  4920 | D:6      | Noticed Pikel
  5209 | D:6      | Killed Pikel
  5210 | D:6      | Reached skill level 7 in Fighting
  5554 | D:6      | Reached XP level 9. HP: 72/72 MP: 9/9
  6024 | D:7      | Reached skill level 5 in Transmutations
  6194 | D:7      | Reached skill level 8 in Fighting
  6194 | D:7      | Reached skill level 5 in Armour
  6532 | D:7      | Found a staircase to the Ecumenical Temple.
  7832 | D:8      | Found Wiafij's General Store.
  8092 | D:8      | Reached XP level 10. HP: 56/82 MP: 5/10
  8243 | D:9      | Reached skill level 9 in Fighting
  8544 | D:9      | Noticed a death yak
  8545 | D:9      | Noticed a death yak
  8578 | D:9      | HP: 2/83 [death yak (4)]
  8580 | D:9      | Mangled by a death yak

Illustrated notes

Levels and vault maps discovered:
D:1:      psy_arrival_statuary, layout_basic, basic_ecumenical_altar,
          minmay_quantized
D:2:      layout_basic, minmay_distorted, uniq_jessica
D:3:      minmay_evil_eye, layout_loops_corners, nicolae_qazlal_eye_of_the_storm
D:4:      layout_basic, nicolae_ossuary_entry_monument, solitary_fountain,
          uniq_edmund
D:5:      layout_basic
D:6:      layout_cave_pools, serial_rivers, chequers_serial_rivers_small_3,
          chequers_serial_rivers_small_b, chequers_serial_rivers_room_a,
          chequers_serial_rivers_small_b, chequers_serial_rivers_large_b,
          chequers_serial_rivers_micro_d, uniq_pikel
D:7:      layout_rooms, minmay_temple_entry_large_hall
D:8:      minmay_general_purpose_star, layout_gridville,
          kennysheep_windowed_goal
D:9:      layout_roguey, dpeg_lair_monsters, minmay_diamond_spiral

Skill      XL: |  1  2  3  4  5  6  7  8  9 10 |
---------------+-------------------------------+-----
Fighting       | 3 4 5 6 7 8 9 |  9.4
Dodging        | 3 4 5 |  5.3
Ranged Weapons | 5 6 7 8 |  8.7
Transmutations | 1 3 4 6 7 |  7.2
Armour         | 4 6 7 |  7.2
Stealth        | |  0.8

Action                     |  1- 3 |  4- 6 |  7- 9 | 10-12 || total
---------------------------+-------+-------+-------+-------++-------
  Melee: Broad axe         |       |    14 |    47 |       ||    61
         Punch             |       |     1 |     4 |       ||     5
         Dagger            |       |       |     7 |       ||     7
         Flail             |       |       |    14 |    25 ||    39
   Fire: Shortbow          |   111 |   234 |   358 |    58 ||   761
   Cast: Wereblood         |       |       |       |     2 ||     2
Ability: Hop               |     1 |     2 |     3 |     1 ||     7
  Evoke: Wand              |       |       |    21 |       ||    21
    Use: Scroll            |       |     2 |     8 |       ||    10
         Potion            |       |       |     3 |       ||     3
 Armour: Leather armour    |    14 |    22 |   104 |    33 ||   173
  Dodge: Dodged            |    40 |    86 |   202 |    62 ||   390
